 Dungeon Crawl Stone Soup version 0.21-a0-67-g3f13d09 (webtiles) character file.

577 xgamer67 the Chopper (level 7, -1/52 HPs)
             Began as a Human Gladiator on June 17, 2017.
             Killed by nerve-wracking pain
             ... invoked by an orc priest
              (13 damage)
             ... on level 4 of the Dungeon on June 18, 2017.
             The game lasted 00:09:58 (3958 turns).

xgamer67 the Chopper (Human Gladiator)              Turns: 3958, Time: 00:09:58

Health: -1/52      AC:  9    Str: 22    XL:     7   Next: 62%
Magic:  7/7        EV:  9    Int:  8    God:
Gold:   277        SH:  0    Dex: 14    Spells: 6/6 levels left

rFire    . . .     SeeInvis .   a - +0 war axe
rCold    . . .     Gourm    .   (no shield)
rNeg     . . .     Faith    .   z - +0 chain mail
rPois    +         Spirit   .   c - +0 helmet
rElec    .         Reflect  .   (no cloak)
rCorr    .         Harm     .   (no gloves)
MR       .....                  (no boots)
Stlth    ..........             (no amulet)
HPRegen  0.17/turn              g - +5 ring of strength
MPRegen  0.10/turn              w - ring of poison resistance

@: no status effects
A: no striking features
a: no special abilities


You were on level 4 of the Dungeon.
You were hungry.

You visited 1 branch of the dungeon, and saw 4 of its levels.
You also visited: Sewer.

You collected 277 gold pieces.

Inventory:

Hand Weapons
 a - a +0 war axe (weapon)
Missiles
 d - 2 throwing nets (quivered)
 l - 8 needles of frenzy
 m - 3 needles of confusion
Armour
 c - a +0 helmet (worn)
 z - a +0 chain mail (worn)
Jewellery
 g - a +5 ring of strength (left hand)
 i - an uncursed ring of magical power
 k - an uncursed ring of fire
 w - a ring of poison resistance (right hand)
Wands
 t - a wand of random effects (26/48)
 v - a wand of enslavement (12/24)
 B - a wand of iceblast (5/15)
Scrolls
 e - a scroll of remove curse
 y - a scroll of teleportation
Potions
 h - a potion of might
 j - a potion of agility
 n - a potion of flight
 q - 3 potions of curing
 r - a potion of brilliance
 s - a potion of heal wounds {unknown}
 u - 4 potions of resistance {unknown}
 x - 2 potions of lignification
 A - a potion of berserk rage {unknown}
Comestibles
 b - 5 fruits
 f - a bread ration
 o - 2 meat rations
 p - 3 royal jellies
 C - 4 chunks of flesh


   Skills:
 - Level 3.5 Fighting
 + Level 7.7 Axes
 - Level 2.0 Throwing
 - Level 3.0 Dodging


You had 6 spell levels left.
You didn't know any spells.

Dungeon Overview and Level Annotations

Branches:
Dungeon (4/15)
 Temple: D:4-7

Altars:
Sif Muna
Xom


Message History

There is an open door, spattered with blood here.
Things that are here:
a falchion; a ring mail An orc priest comes into view.
It is wielding a dagger.
You hit the orc priest.
The orc priest is heavily wounded.
The orc priest hits you with a dagger.
* * * LOW HITPOINT WARNING * * *
Your chain mail prevents you from hitting the orc priest.
The orc priest is moderately wounded.
The orc priest hits you with a dagger.
* * * LOW HITPOINT WARNING * * *
You barely miss the orc priest.
The orc priest is moderately wounded.
The orc priest hits you but does no damage.
You barely miss the orc priest.
The orc priest is moderately wounded.
The orc priest mumbles some strange prayers to Beogh against you.
Pain shoots through your body!
You die...

## .... ## ####.###.##
.. ..... ..... #.
###....###.## #.
#............
#o#####.#.###......
#.@...#..<#.#...#.#
#...#)..##.##.#...#.#
#...##(.ยง#....#......
#... #...'.##.#.(...#
?.... #####.......#...
###... ####...##..#
#### #....##..#
####.....#...
#......#.....


You could see an orc priest.

Vanquished Creatures
  Duvessa (D:4)
  2 bullfrogs (Sewer)
  Dowan (D:4)
  An orc priest (D:4)
  Terence (D:3)
  An orc wizard (D:4)
  A worker ant (D:4)
  5 adders
  2 oozes (D:1)
  An adder skeleton (D:4)
  2 worms (D:3)
  4 dart slugs
  3 leopard geckos
  10 orcs
  11 giant cockroaches
  8 goblins
  10 hobgoblins
  5 kobolds
  4 quokkas
  2 ball pythons
  10 bats
  8 frilled lizards
  2 jackal skeletons (D:4)
  A leopard gecko skeleton (D:4)
  A quokka skeleton (D:4)
  11 rats
108 creatures vanquished.

Notes
Turn   | Place    | Note
-------+----------+-------------------------------------------
     0 | D:1      | xgamer67 the Human Gladiator began the quest for the Orb.
     0 | D:1      | Reached XP level 1. HP: 16/16 MP: 1/1
   182 | D:1      | Reached XP level 2. HP: 23/23 MP: 2/2
   516 | D:1      | Reached XP level 3. HP: 29/29 MP: 3/3
   957 | D:2      | Found a shimmering altar of Xom.
  1037 | D:2      | Found a shimmering altar of Xom.
  1122 | D:2      | Reached XP level 4. HP: 34/35 MP: 4/4
  1489 | D:2      | Found a faded altar of an unknown god.
  1755 | D:3      | Noticed Terence
  1766 | D:2      | Reached skill level 4 in Axes
  1837 | D:3      | Killed Terence
  1837 | D:3      | Reached XP level 5. HP: 41/41 MP: 5/5
  2077 | D:3      | Found a glowing drain.
  2098 | Sewer    | Entered a sewer
  2481 | Sewer    | Reached skill level 5 in Axes
  2520 | Sewer    | Noticed a bullfrog
  2521 | Sewer    | Noticed a bullfrog
  2526 | Sewer    | Killed a bullfrog
  2526 | Sewer    | Reached XP level 6. HP: 37/47 MP: 6/6
  2532 | Sewer    | Reached skill level 6 in Axes
  3481 | D:4      | Noticed Duvessa
  3731 | D:4      | Found a deep blue altar of Sif Muna.
  3746 | D:4      | Noticed Dowan
  3755 | D:4      | Killed Duvessa
  3755 | D:4      | Reached skill level 7 in Axes
  3755 | D:4      | Reached XP level 7. HP: 32/52 MP: 7/7
  3764 | D:4      | Killed Dowan
  3958 | D:4      | Killed from afar by an orc priest

Vault maps used:
D:1:      saegor_arrival_simple_f, minmay_tetromino_i4
D:2:      xom_redecorated, chequers_ecumenical_altar_grove
D:3:      gup_sewer_entry_pipe, corexii_hall_statues_i, uniq_terence
D:4:      kennysheep_mini_moat, first_bread, kennysheep_nondescript,
          uniq_duvessa
Sewer:    sewer_frog_island_01

Skill      XL: |  1  2  3  4  5  6 |
---------------+-------------------+-----
Fighting       | 3 |  3.5
Axes           | 4 5 7 |  7.7
Throwing       | |  2.0
Dodging        | |  3.0

Action                   |  1- 3 |  4- 6 |  7- 9 || total
-------------------------+-------+-------+-------++-------
Melee: War axe           |    99 |   229 |    28 ||   356
Throw: Throwing net      |       |       |     2 ||     2
Evoke: Wand              |       |     1 |       ||     1
  Use: Scroll            |       |     9 |       ||     9
  Eat: Chunk             |     1 |     8 |     1 ||    10
Armor: Leather armour    |     7 |       |       ||     7
       Scale mail        |    36 |    91 |       ||   127
       Chain mail        |       |     9 |     8 ||    17
Dodge: Dodged            |    61 |   157 |    13 ||   231
